 Dungeon Crawl Stone Soup version 0.21-a0-39-g28ea6b7 (console) character file.

2076 HarryHood the Fighter (level 9, -1/90 HPs)
             Began as a Gargoyle Berserker on May 28, 2017.
             Was an Elder of Trog.
             Killed by divine providence
             ... invoked by an orc priest
              (12 damage)
             ... on level 7 of the Dungeon on June 1, 2017.
             The game lasted 00:25:35 (5557 turns).

HarryHood the Fighter (Gargoyle Berserker)          Turns: 5557, Time: 00:25:35

Health: -1/90      AC: 20    Str: 27    XL:     9   Next: 26%
Magic:  0/9        EV:  9    Int:  9    God:    Trog [****..]
Gold:   265        SH:  4    Dex:  5    Spells: 8/8 levels left

rFire    . . .     SeeInvis .   a - +1 flail
rCold    . . .     Gourm    .   y - +0 buckler
rNeg     + . .     Faith    .   s - +0 chain mail (curse)
rPois    ∞         Spirit   +   e - +2 helmet
rElec    +         Reflect  .   v - +0 cloak
rCorr    .         Harm     .   (no gloves)
MR       .....                  (no boots)
Stlth    ..........             f - amulet of guardian spirit
Regen    0.3/turn               t - -5 ring of dexterity (curse)
MPRegen  0.2/turn               (no ring)

@: berserking, very quick
A: negative energy resistance 1, electricity resistance, unbreathing,
petrification resistance, rot immunity, AC +5
a: Berserk, Trog's Hand, Brothers in Arms, Burn Spellbooks, Renounce Religion


You were on level 7 of the Dungeon.
You worshipped Trog.
Trog was greatly pleased with you.
You were not hungry.

You visited 2 branches of the dungeon, and saw 8 of its levels.

You collected 289 gold pieces.
You spent 24 gold pieces at shops.

Inventory:

Hand Weapons
 a - a +1 flail (weapon)
Missiles
 j - 56 sling bullets
Armour
 e - a +2 helmet (worn)
 s - a cursed +0 chain mail (worn)
 v - a +0 cloak (worn)
 y - a +0 buckler (worn)
 B - a +2 plate armour of fire resistance
Jewellery
 f - an amulet of guardian spirit (around neck)
 t - a cursed -5 ring of dexterity (left hand)
 C - a +1 ring of protection {unknown}
Scrolls
 g - 6 scrolls of teleportation {@r0}
 p - a scroll of magic mapping
 r - a scroll of identify
 w - a scroll of blinking {@r7}
 A - 3 scrolls of fear
Potions
 b - 2 potions of brilliance
 d - 2 potions of haste
 h - 4 potions of heal wounds {@q1}
 i - 2 potions of lignification {!q}
 k - 4 potions of curing {@q2}
 n - 2 potions of invisibility
 q - a potion of cancellation {unknown}
 u - 4 potions of ambrosia
 z - a potion of might
Comestibles
 c - 2 bread rations {@e1}
 l - 6 meat rations {@e1}
 m - 5 royal jellies {@e3}
 o - 3 fruits {@e2}


   Skills:
 * Level 8.8 Fighting
 - Level 6.0 Maces & Flails
 - Level 6.1 Armour
 - Level 1.5 Dodging
 - Level 6.0 Shields


You had 8 spell levels left.
You didn't know any spells.

Dungeon Overview and Level Annotations

Branches:
Dungeon (7/15)             Temple (1/1) D:4

Altars:
Gozag
Trog
Uskayaw
Vehumet
Xom
The Shining One

Shops:
D:6 *


Innate Abilities, Weirdness & Mutations

You are resistant to torment.
Your stone body is resilient. (AC +5)
You are immune to poison.
You resist negative energy. (rN+)
You are resistant to electric shocks. (rElec)
You can survive without breathing.
You are immune to petrification.
You are immune to rotting.


Message History

You block the orc priest's attack.
You hit the orc priest but do no damage.
The orc warrior hits you but does no damage.
The orc priest barely misses you.
You hit the orc priest but do no damage.
The orc warrior hits you but does no damage.
The orc priest hits you with a trident.
* * * LOW HITPOINT WARNING * * *
You take 3 damage, and have 10/60 hp.
You now have 2/9 mp.
You closely miss the orc priest.
The orc warrior hits you with a trident.
* * * LOW HITPOINT WARNING * * *
The orc priest hits you but does no damage.
You take 3 damage, and have 7/60 hp.
A red film seems to cover your vision as you go berserk!
You feel yourself moving faster!
You feel mighty!
You feel a lot more hungry. The orc warrior barely misses you.
The orc priest calls down the wrath of Beogh upon you.
Beogh smites you!
You die...

............(..##..........# #.
............(..............# #.
.............o(###.........# #.
.........[.................# #.
...............#.#.#...#...# #.
.....................>.....# #.
...............#.#.#.#.#..######.
...............oo..#.............
...............#@###)#.#..#######
#.# ######)##.##.###.#.#..# #.
#######.#####..........#
#.##.......### #..####.#..#######
..<..........###..##............#
..........................#####.#
#..#########.###..#.......## #.#
#..# #.# #..#........# #.# #..#
#######.###..#........####.#


You could see an orc warrior and an orc priest.

Vanquished Creatures
  The ghost of Docmaja the Skirmisher, an amateur DsFi (D:3)
  An ice beast (D:5)
  2 ogres (D:7)
  3 centaurs
  A gnoll sergeant (D:6)
  3 bullfrogs
  3 scorpions
  2 howler monkeys
  2 crimson imps (D:5)
  2 jellies
  A quasit (D:5)
  3 hounds
  An orc wizard (D:7)
  A centaur skeleton (D:6)
  An orc priest (D:7)
  A bullfrog skeleton (D:4)
  3 iguanas
  Jessica (D:2)
  Terence (D:2)
  Natasha (D:2)
  5 worker ants
  A hound skeleton (D:6)
  2 howler monkey skeletons
  3 gnolls (D:6)
  7 adders
  2 oozes
  An adder skeleton (D:5)
  An adder zombie (D:5)
  3 worms
  3 dart slugs
  6 leopard geckos
  9 orcs
  14 bats
  4 giant cockroaches
  6 goblins
  8 hobgoblins
  3 jackals (D:3)
  3 kobolds
  2 quokkas (D:6)
  5 frilled lizards
  A leopard gecko skeleton (D:6)
  A quokka zombie (D:7)
  7 rats
131 creatures vanquished.

Vanquished Creatures (others)
  A sky beast (D:5)
1 creature vanquished.

Grand Total: 132 creatures vanquished

Notes
Turn   | Place    | Note
-------+----------+-------------------------------------------
     0 | D:1      | HarryHood the Gargoyle Berserker began the quest for the Orb.
     0 | D:1      | Reached XP level 1. HP: 14/14 MP: 1/1
   187 | D:1      | Reached XP level 2. HP: 12/20 MP: 2/2
   354 | D:1      | Reached skill level 4 in Fighting
   523 | D:1      | Reached XP level 3. HP: 16/24 MP: 3/3
  1029 | D:2      | Reached ** piety under Trog
  1164 | D:2      | Reached skill level 5 in Fighting
  1219 | D:2      | Noticed Jessica
  1225 | D:2      | Killed Jessica
  1225 | D:2      | Reached XP level 4. HP: 24/31 MP: 4/4
  1430 | D:2      | Upgraded the game from 0.21-a0-33-g8b44e26 to 0.21-a0-39-g28ea6b7
  1470 | D:2      | Noticed Terence
  1491 | D:2      | Killed Terence
  1491 | D:2      | Reached skill level 6 in Fighting
  1645 | D:2      | Reached XP level 5. HP: 33/36 MP: 5/5
  1664 | D:2      | Noticed Natasha
  1672 | D:2      | Killed Natasha
  1958 | D:3      | Noticed Docmaja's ghost (amateur DsFi)
  1977 | D:3      | Killed Docmaja's ghost
  1977 | D:3      | Reached skill level 5 in Maces & Flails
  1977 | D:3      | Reached XP level 6. HP: 41/41 MP: 6/6
  2326 | D:3      | Found an opulent altar of Gozag.
  2506 | D:3      | Found a bloodstained altar of Trog.
  2509 | D:3      | Found a radiant altar of Vehumet.
  2515 | D:3      | Found a shimmering altar of Xom.
  3089 | D:4      | Reached skill level 6 in Maces & Flails
  3113 | D:4      | Reached XP level 7. HP: 32/46 MP: 7/7
  3208 | D:4      | Reached skill level 3 in Armour
  3347 | D:4      | Found a staircase to the Ecumenical Temple.
  3362 | Temple   | Entered the Ecumenical Temple
  3695 | D:5      | Entered Level 5 of the Dungeon
  3723 | D:5      | Reached skill level 4 in Armour
  3750 | D:5      | Reached skill level 5 in Armour
  3826 | D:5      | Reached *** piety under Trog
  3984 | D:5      | Reached skill level 6 in Armour
  3984 | D:5      | Reached XP level 8. HP: 48/51 MP: 6/8
  4120 | D:5      | Reached skill level 2 in Shields
  4123 | D:5      | Found a glowing golden altar of the Shining One.
  4430 | D:6      | Reached skill level 3 in Shields
  4451 | D:6      | Reached skill level 4 in Shields
  4546 | D:6      | Reached skill level 5 in Shields
  4603 | D:6      | Reached skill level 6 in Shields
  4636 | D:6      | Found a hide-covered altar of Uskayaw.
  4682 | D:6      | Found Yhifraun's General Store.
  4695 | D:6      | Reached skill level 7 in Fighting
  4705 | D:6      | Bought a scroll of identify for 24 gold pieces
  4898 | D:6      | Reached XP level 9. HP: 44/57 MP: 4/9
  5126 | D:7      | Reached skill level 8 in Fighting
  5277 | D:7      | Reached **** piety under Trog
  5557 | D:7      | Killed from afar by an orc priest

Vault maps used:
D:1:      elethiomel_arrival_maze
D:2:      minmay_door_square, uniq_jessica, uniq_natasha, uniq_terence
D:3:      nicolae_gozag_cash_rules_everything_around_me,
          grunt_temple_overflow_diamond, supply_closet_lemuel, kennysheep_potato
D:4:      temple_hall, hangedman_decor_points
D:5:      first_bread, nicolae_tso_swordbearing_angel
D:6:      eat_drink_and_be_merry_uskayaw, serial_shops, shop, dk_noncrumbling_4
Temple:   regret_index_temple_sphere_string

Skill      XL: |  1  2  3  4  5  6  7  8  9 |
---------------+----------------------------+-----
Fighting       | 4 5 6 7 8 |  8.8
Maces & Flails | 5 6 |  6.0
Armour         | 6 |  6.1
Shields        | 6 |  6.0
Dodging        | |  1.5

Action                   |  1- 3 |  4- 6 |  7- 9 || total
-------------------------+-------+-------+-------++-------
Melee: Mace              |   134 |   114 |       ||   248
       Flail             |       |    82 |   351 ||   433
Invok: Berserk           |       |     1 |     3 ||     4
       Burn Spellbooks   |       |       |     1 ||     1
  Use: Scroll            |     6 |     5 |    10 ||    21
  Eat: Chunk             |     1 |     7 |     7 ||    15
       Fruit             |       |     1 |       ||     1
       Bread ration      |       |       |     1 ||     1
Armor: Leather armour    |    74 |       |       ||    74
       Ring mail         |    23 |    15 |       ||    38
       Scale mail        |       |    47 |       ||    47
       Chain mail        |       |    55 |   263 ||   318
Dodge: Dodged            |   119 |   112 |   136 ||   367
Block: Buckler           |       |       |    57 ||    57
